[ AOE2 MATCH · #481972900 ]
UnrankedTatars vs Persians
[ REPLAY ANALYSIS · EXTRACTED FROM THE RECORDED GAME ]
Feudal
11:36
Castle
15:11
Imperial
29:18
| APM avg | 35.2 |
| APM peak | 75 |
| eAPM avg | 23.8 |
| Villagers / military | 166 / 246 |
Focus
⚔️ 44.5% · 🌾 55.5%
Scout Cavalry ×127 · Cavalry Archer ×107 · Camel Scout ×5 · Trebuchet (Packed) ×4 · Skirmisher ×3
Feudal
11:06
Castle
14:43
Imperial
—
| APM avg | 38.1 |
| APM peak | 74 |
| eAPM avg | 28.3 |
| Villagers / military | 141 / 60 |
Focus
⚔️ 15.7% · 🌾 84.3%
Archer ×37 · Monk ×14 · Mangonel ×5 · Spearman ×2 · Battering Ram ×2
Feudal
10:06
Castle
13:38
Imperial
37:17
| APM avg | 27.6 |
| APM peak | 49 |
| eAPM avg | 20.4 |
| Villagers / military | 162 / 203 |
Focus
⚔️ 34.5% · 🌾 65.5%
Knight ×196 · Battering Ram ×3 · Monk ×2 · Mangonel ×2
Feudal
10:58
Castle
15:50
Imperial
30:22
| APM avg | 42.3 |
| APM peak | 74 |
| eAPM avg | 26.1 |
| Villagers / military | 176 / 261 |
Focus
⚔️ 34.1% · 🌾 65.9%
Conquistador ×143 · Missionary ×112 · Trebuchet (Packed) ×6
Feudal
12:11
Castle
15:55
Imperial
34:20
| APM avg | 41.2 |
| APM peak | 100 |
| eAPM avg | 24.4 |
| Villagers / military | 178 / 162 |
Focus
⚔️ 35.1% · 🌾 64.9%
Spearman ×89 · Hand Cannoneer ×51 · Monk ×8 · Bombard Cannon ×7 · Trebuchet (Packed) ×7
Feudal
10:25
Castle
15:02
Imperial
39:46
| APM avg | 29.3 |
| APM peak | 66 |
| eAPM avg | 14.5 |
| Villagers / military | 114 / 157 |
Focus
⚔️ 31.8% · 🌾 68.2%
Gbeto ×88 · Skirmisher ×58 · Bombard Cannon ×4 · Trebuchet (Packed) ×4 · Petard ×3
Feudal
10:54
Castle
14:55
Imperial
31:52
| APM avg | 30.2 |
| APM peak | 61 |
| eAPM avg | 19.3 |
| Villagers / military | 161 / 242 |
Focus
⚔️ 27.0% · 🌾 73.0%
Battle Elephant ×163 · Scout Cavalry ×70 · Monk ×3 · Skirmisher ×3 · Trebuchet (Packed) ×3
Feudal
10:08
Castle
13:52
Imperial
29:58
| APM avg | 33.7 |
| APM peak | 74 |
| eAPM avg | 25.2 |
| Villagers / military | 185 / 281 |
Focus
⚔️ 41.4% · 🌾 58.6%
Mangudai ×181 · Scout Cavalry ×95 · Monk ×4 · Trebuchet (Packed) ×1
Match map
Initial resources + every placement click. Lines = walls · curves = elevation contours. ◆ gold · ⬟ stone · ● berries · ✦ relic · ◌ wall gap
Your base· ✓ Closed at 15:11 · 0t walls · 3 gate(s)
VARooster's base· ✓ Closed at 14:43 · 0t walls · 3 gate(s)
proxxi's base· ✓ Closed at 13:38 · 0t walls · 3 gate(s)
x's base· ✓ Closed at 15:50 · 2t walls · 3 gate(s)
Dragonite's base· ✓ Closed at 15:55 · 0t walls · 2 gate(s)
emrek03's base· ✓ Closed at 15:02 · 0t walls · 2 gate(s)
VanorkQC2's base· ✓ Closed at 14:55 · 16t walls · 3 gate(s)
黑米饭's base· ✓ Closed at 13:52 · 0t walls · 2 gate(s)
Smoothed initial terrain · ◌ = detected wall gap · hover for details
Inputs per minute
— CaptainCoke - - VARooster
Build order — CaptainCoke
First 150 of 587 actions detected
| 0:01 | Create | Villager (Male) |
| 0:01 | Create | Villager (Male) |
| 0:02 | Create | Villager (Male) |
| 0:04 | Build | House |
| 0:05 | Create | Villager (Male) |
| 0:06 | Build | House |
| 1:17 | Create | Villager (Male) |
| 1:17 | Create | Villager (Male) |
| 1:53 | Build | Lumber Camp |
| 1:54 | Create | Villager (Male) |
| 1:54 | Create | Villager (Male) |
| 2:15 | Create | Villager (Male) |
| 2:53 | Create | Villager (Male) |
| 2:54 | Create | Villager (Male) |
| 3:05 | Create | Villager (Male) |
| 3:06 | Create | Villager (Male) |
| 3:27 | Build | House |
| 3:28 | Build | House |
| 3:29 | Build | House |
| 3:35 | Create | Villager (Male) |
| 4:13 | Create | Villager (Male) |
| 4:44 | Create | Villager (Male) |
| 4:45 | Create | Villager (Male) |
| 4:45 | Create | Villager (Male) |
| 4:52 | Build | House |
| 5:03 | Create | Villager (Male) |
| 5:04 | Create | Villager (Male) |
| 5:08 | Build | Mill |
| 5:12 | Build | House |
| 5:18 | Create | Villager (Male) |
| 5:18 | Create | Villager (Male) |
| 5:36 | Create | Villager (Male) |
| 5:51 | Build | Farm |
| 6:26 | Build | Farm |
| 6:35 | Create | Villager (Male) |
| 6:58 | Create | Villager (Male) |
| 7:03 | Build | Farm |
| 7:16 | Create | Villager (Male) |
| 7:42 | Create | Villager (Male) |
| 8:11 | Create | Villager (Male) |
| 8:38 | Create | Villager (Male) |
| 8:58 | Build | Mining Camp |
| 9:06 | Build | Farm |
| 9:10 | Build | Farm |
| 9:23 | Create | Villager (Male) |
| 9:24 | Research | Feudal Age |
| 9:55 | Build | Mill |
| 10:35 | Create | Villager (Male) |
| 11:36 | Age | Feudal Age |
| 11:39 | Build | Blacksmith |
| 11:41 | Build | Market |
| 11:49 | Create | Villager (Male) |
| 12:31 | Research | Castle Age |
| 12:31 | Research | Castle Age |
| 12:36 | Research | Double-Bit Axe |
| 13:04 | Research | Horse Collar |
| 13:04 | Research | Horse Collar |
| 13:04 | Research | Horse Collar |
| 13:22 | Create | Villager (Male) |
| 13:51 | Create | Villager (Male) |
| 15:11 | Age | Castle Age |
| 15:12 | Build | Town Center |
| 15:29 | Create | Villager (Male) |
| 15:45 | Build | Town Center |
| 15:48 | Create | Villager (Male) |
| 16:03 | Build | Farm |
| 16:12 | Create | Villager (Male) |
| 16:23 | Create | Villager (Male) |
| 16:23 | Create | Villager (Male) |
| 16:29 | Create | Villager (Male) |
| 16:29 | Create | Villager (Male) |
| 16:44 | Create | Villager (Male) |
| 16:50 | Build | Farm |
| 16:53 | Build | Farm |
| 16:54 | Create | Villager (Male) |
| 16:54 | Create | Villager (Male) |
| 17:08 | Create | Villager (Male) |
| 17:08 | Create | Villager (Male) |
| 17:09 | Create | Villager (Male) |
| 17:09 | Create | Villager (Male) |
| 17:11 | Create | Villager (Male) |
| 17:11 | Create | Villager (Male) |
| 17:17 | Create | Villager (Male) |
| 17:23 | Build | House |
| 17:24 | Build | House |
| 17:25 | Build | House |
| 17:27 | Build | House |
| 17:28 | Create | Villager (Male) |
| 17:30 | Create | Villager (Male) |
| 17:30 | Create | Villager (Male) |
| 17:30 | Create | Villager (Male) |
| 17:30 | Create | Villager (Male) |
| 17:38 | Build | Farm |
| 17:55 | Research | Bow Saw |
| 17:55 | Research | Bow Saw |
| 18:01 | Create | Villager (Male) |
| 18:13 | Research | Heavy Plow |
| 18:15 | Create | Villager (Male) |
| 18:20 | Build | Farm |
| 18:24 | Build | Farm |
| 18:29 | Build | Farm |
| 18:32 | Build | Farm |
| 18:33 | Create | Villager (Male) |
| 18:33 | Create | Villager (Male) |
| 18:34 | Create | Villager (Male) |
| 18:43 | Create | Villager (Male) |
| 18:43 | Create | Villager (Male) |
| 18:44 | Create | Villager (Male) |
| 19:01 | Build | House |
| 19:02 | Build | House |
| 19:04 | Create | Villager (Male) |
| 19:09 | Create | Villager (Male) |
| 19:09 | Create | Villager (Male) |
| 19:16 | Build | Farm |
| 19:17 | Build | Farm |
| 19:21 | Create | Villager (Male) |
| 19:22 | Create | Villager (Male) |
| 19:31 | Build | House |
| 19:36 | Build | House |
| 19:37 | Build | House |
| 19:45 | Build | House |
| 19:46 | Build | House |
| 19:48 | Build | House |
| 19:49 | Build | House |
| 19:51 | Create | Villager (Male) |
| 19:52 | Create | Villager (Male) |
| 19:56 | Build | Farm |
| 19:56 | Build | Farm |
| 19:57 | Build | Farm |
| 19:57 | Build | Farm |
| 19:57 | Build | Farm |
| 19:58 | Build | Farm |
| 19:58 | Build | Farm |
| 19:58 | Build | Farm |
| 19:58 | Build | Farm |
| 19:59 | Build | Farm |
| 20:01 | Create | Villager (Male) |
| 20:02 | Create | Villager (Male) |
| 20:03 | Create | Villager (Male) |
| 20:11 | Create | Villager (Male) |
| 20:11 | Create | Villager (Male) |
| 20:58 | Build | Town Center |
| 21:00 | Create | Villager (Male) |
| 21:00 | Create | Villager (Male) |
| 21:05 | Create | Villager (Male) |
| 21:07 | Build | Farm |
| 21:08 | Create | Villager (Male) |
| 21:11 | Create | Villager (Male) |
| 21:15 | Create | Villager (Male) |
| 21:16 | Create | Villager (Male) |
Build order — VARooster
First 150 of 367 actions detected
| 0:00 | Create | Villager (Male) |
| 0:01 | Create | Villager (Male) |
| 0:01 | Create | Villager (Male) |
| 0:01 | Create | Villager (Male) |
| 0:03 | Build | House |
| 0:05 | Build | House |
| 1:24 | Create | Villager (Male) |
| 1:24 | Create | Villager (Male) |
| 1:37 | Create | Villager (Male) |
| 1:37 | Create | Villager (Male) |
| 1:44 | Build | Lumber Camp |
| 2:33 | Create | Villager (Male) |
| 2:33 | Create | Villager (Male) |
| 2:34 | Create | Villager (Male) |
| 3:40 | Create | Villager (Male) |
| 3:41 | Create | Villager (Male) |
| 3:56 | Build | Mill |
| 4:32 | Research | Loom |
| 4:32 | Research | Loom |
| 4:36 | Build | House |
| 5:04 | Create | Villager (Male) |
| 5:33 | Create | Villager (Male) |
| 5:33 | Create | Villager (Male) |
| 5:33 | Create | Villager (Male) |
| 6:10 | Build | Mill |
| 6:38 | Build | House |
| 6:50 | Create | Villager (Male) |
| 6:50 | Create | Villager (Male) |
| 7:13 | Build | House |
| 7:41 | Create | Villager (Male) |
| 7:41 | Create | Villager (Male) |
| 7:41 | Create | Villager (Male) |
| 8:02 | Create | Villager (Male) |
| 8:20 | Create | Villager (Male) |
| 8:34 | Build | Mining Camp |
| 8:42 | Research | Feudal Age |
| 8:55 | Build | Farm |
| 9:31 | Build | Farm |
| 9:45 | Build | Farm |
| 11:06 | Age | Feudal Age |
| 11:07 | Create | Villager (Male) |
| 11:08 | Create | Villager (Male) |
| 11:14 | Build | Market |
| 11:26 | Build | Blacksmith |
| 12:03 | Research | Castle Age |
| 12:03 | Research | Castle Age |
| 12:10 | Research | Double-Bit Axe |
| 12:10 | Research | Double-Bit Axe |
| 12:10 | Research | Double-Bit Axe |
| 12:17 | Research | Horse Collar |
| 12:17 | Research | Horse Collar |
| 12:34 | Build | Farm |
| 12:37 | Build | Farm |
| 12:54 | Build | Farm |
| 14:12 | Research | Gold Mining |
| 14:43 | Age | Castle Age |
| 14:45 | Create | Villager (Male) |
| 14:45 | Create | Villager (Male) |
| 14:45 | Create | Villager (Male) |
| 14:50 | Build | Town Center |
| 15:00 | Build | Town Center |
| 15:06 | Create | Villager (Male) |
| 15:11 | Research | Bow Saw |
| 15:48 | Research | Heavy Plow |
| 15:49 | Research | Heavy Plow |
| 15:49 | Research | Heavy Plow |
| 16:18 | Build | Palisade Wall |
| 16:20 | Build | Palisade Wall |
| 16:31 | Build | Siege Workshop |
| 16:40 | Build | Stone Wall |
| 16:50 | Create | Villager (Male) |
| 16:50 | Create | Villager (Male) |
| 16:52 | Create | Villager (Male) |
| 16:57 | Build | Farm |
| 16:57 | Build | Farm |
| 16:57 | Build | Farm |
| 16:57 | Build | Farm |
| 16:57 | Build | Farm |
| 16:58 | Build | Farm |
| 17:01 | Create | Villager (Male) |
| 17:01 | Create | Villager (Male) |
| 17:37 | Create | Mangonel |
| 17:37 | Create | Mangonel |
| 17:54 | Create | Villager (Male) |
| 17:54 | Create | Villager (Male) |
| 18:14 | Build | Farm |
| 18:14 | Build | Farm |
| 18:14 | Build | Farm |
| 18:14 | Build | Farm |
| 18:15 | Build | Farm |
| 18:38 | Create | Villager (Male) |
| 18:46 | Create | Villager (Male) |
| 18:46 | Create | Villager (Male) |
| 18:52 | Build | Farm |
| 18:52 | Build | Farm |
| 18:52 | Build | Farm |
| 18:52 | Build | Farm |
| 18:59 | Build | Farm |
| 19:09 | Create | Villager (Male) |
| 19:10 | Create | Villager (Male) |
| 19:15 | Build | House |
| 19:26 | Create | Villager (Male) |
| 19:27 | Create | Villager (Male) |
| 19:29 | Create | Villager (Male) |
| 19:38 | Build | Monastery |
| 19:46 | Create | Villager (Male) |
| 19:50 | Build | Farm |
| 19:52 | Create | Villager (Male) |
| 19:55 | Build | Farm |
| 19:57 | Create | Villager (Male) |
| 20:04 | Build | House |
| 20:25 | Create | Monk |
| 20:25 | Create | Monk |
| 20:25 | Create | Monk |
| 20:29 | Build | House |
| 20:33 | Create | Monk |
| 20:33 | Create | Monk |
| 20:54 | Create | Monk |
| 20:55 | Create | Monk |
| 20:55 | Create | Monk |
| 21:01 | Create | Battering Ram |
| 21:01 | Create | Battering Ram |
| 21:11 | Create | Villager (Male) |
| 21:11 | Create | Villager (Male) |
| 21:12 | Create | Villager (Male) |
| 21:18 | Create | Mangonel |
| 21:29 | Build | Stone Wall |
| 21:35 | Create | Villager (Male) |
| 21:35 | Create | Villager (Male) |
| 21:35 | Create | Villager (Male) |
| 21:35 | Create | Villager (Male) |
| 22:20 | Create | Monk |
| 22:20 | Create | Monk |
| 22:20 | Create | Monk |
| 22:23 | Create | Villager (Male) |
| 22:37 | Build | House |
| 22:40 | Build | House |
| 22:41 | Build | House |
| 23:32 | Build | University |
| 23:50 | Create | Mangonel |
| 23:51 | Create | Mangonel |
| 23:54 | Create | Villager (Male) |
| 23:54 | Create | Villager (Male) |
| 23:54 | Create | Villager (Male) |
| 24:31 | Build | Lumber Camp |
| 25:02 | Create | Monk |
| 25:02 | Create | Monk |
| 25:02 | Create | Monk |
| 25:27 | Create | Villager (Male) |
| 25:27 | Create | Villager (Male) |
Build order — proxxi
First 150 of 546 actions detected
| 0:02 | Build | House |
| 0:04 | Build | House |
| 0:06 | Create | Villager (Male) |
| 0:06 | Create | Villager (Male) |
| 0:06 | Create | Villager (Male) |
| 0:07 | Create | Villager (Male) |
| 0:07 | Create | Villager (Male) |
| 0:07 | Create | Villager (Male) |
| 1:33 | Create | Villager (Male) |
| 1:33 | Create | Villager (Male) |
| 1:47 | Build | Lumber Camp |
| 1:56 | Create | Villager (Male) |
| 1:56 | Create | Villager (Male) |
| 2:33 | Build | House |
| 2:39 | Create | Villager (Male) |
| 3:00 | Create | Villager (Male) |
| 3:12 | Create | Villager (Male) |
| 3:33 | Build | Mill |
| 3:42 | Create | Villager (Male) |
| 3:42 | Create | Villager (Male) |
| 4:09 | Create | Villager (Male) |
| 4:10 | Create | Villager (Male) |
| 4:42 | Create | Villager (Male) |
| 4:42 | Create | Villager (Male) |
| 5:05 | Create | Villager (Male) |
| 5:05 | Create | Villager (Male) |
| 5:05 | Create | Villager (Male) |
| 5:10 | Build | House |
| 5:14 | Create | Villager (Male) |
| 5:52 | Create | Villager (Male) |
| 6:20 | Create | Villager (Male) |
| 6:39 | Build | House |
| 6:46 | Create | Villager (Male) |
| 6:46 | Create | Villager (Male) |
| 6:55 | Build | Farm |
| 6:57 | Build | Farm |
| 7:16 | Create | Villager (Male) |
| 7:45 | Build | Mining Camp |
| 7:56 | Research | Feudal Age |
| 8:18 | Create | Villager (Male) |
| 8:19 | Create | Villager (Male) |
| 10:06 | Age | Feudal Age |
| 10:11 | Build | Market |
| 10:17 | Build | Blacksmith |
| 11:08 | Build | Lumber Camp |
| 11:12 | Research | Castle Age |
| 11:46 | Build | House |
| 11:55 | Research | Double-Bit Axe |
| 12:16 | Build | House |
| 12:38 | Build | Barracks |
| 12:47 | Build | Barracks |
| 13:18 | Research | Horse Collar |
| 13:38 | Age | Castle Age |
| 13:40 | Build | Town Center |
| 13:43 | Create | Villager (Male) |
| 13:43 | Create | Villager (Male) |
| 14:01 | Build | Stable |
| 14:12 | Create | Villager (Male) |
| 14:13 | Create | Villager (Male) |
| 14:47 | Build | Stable |
| 14:55 | Research | Bloodlines |
| 15:02 | Build | Farm |
| 15:11 | Build | Farm |
| 15:22 | Research | Husbandry |
| 15:27 | Build | Farm |
| 15:30 | Build | Farm |
| 15:44 | Build | Farm |
| 15:59 | Build | Farm |
| 16:01 | Create | Villager (Male) |
| 16:01 | Create | Villager (Male) |
| 16:10 | Research | Loom |
| 16:23 | Build | Farm |
| 16:30 | Build | Farm |
| 16:53 | Create | Knight |
| 16:53 | Create | Knight |
| 16:53 | Create | Knight |
| 16:58 | Create | Villager (Male) |
| 16:58 | Create | Villager (Male) |
| 17:01 | Build | Farm |
| 17:06 | Build | Farm |
| 17:13 | Create | Knight |
| 17:13 | Create | Knight |
| 17:20 | Build | Farm |
| 17:22 | Create | Villager (Male) |
| 17:22 | Create | Villager (Male) |
| 17:27 | Build | House |
| 17:28 | Build | House |
| 17:36 | Build | Farm |
| 17:51 | Create | Villager (Male) |
| 17:52 | Create | Villager (Male) |
| 17:52 | Create | Villager (Male) |
| 17:52 | Create | Villager (Male) |
| 17:56 | Build | Farm |
| 17:58 | Build | Farm |
| 18:12 | Create | Knight |
| 18:12 | Create | Knight |
| 18:25 | Create | Villager (Male) |
| 18:25 | Create | Villager (Male) |
| 18:29 | Build | House |
| 18:33 | Build | House |
| 18:49 | Create | Villager (Male) |
| 18:49 | Create | Villager (Male) |
| 18:49 | Create | Villager (Male) |
| 18:54 | Build | Farm |
| 18:55 | Build | Farm |
| 19:01 | Build | Farm |
| 19:02 | Create | Villager (Male) |
| 19:02 | Create | Villager (Male) |
| 19:21 | Create | Knight |
| 19:21 | Create | Knight |
| 19:22 | Create | Knight |
| 19:22 | Create | Knight |
| 19:28 | Build | Farm |
| 19:38 | Build | House |
| 19:38 | Build | House |
| 19:40 | Create | Villager (Male) |
| 19:40 | Create | Villager (Male) |
| 19:44 | Build | Farm |
| 19:50 | Create | Villager (Male) |
| 19:50 | Create | Villager (Male) |
| 20:02 | Create | Villager (Male) |
| 20:02 | Create | Villager (Male) |
| 20:07 | Build | Farm |
| 20:12 | Create | Villager (Male) |
| 20:12 | Create | Villager (Male) |
| 20:17 | Build | Farm |
| 20:27 | Create | Knight |
| 20:27 | Create | Knight |
| 20:27 | Create | Knight |
| 20:39 | Build | Farm |
| 20:43 | Create | Knight |
| 20:43 | Create | Knight |
| 20:44 | Create | Knight |
| 21:07 | Research | Wheelbarrow |
| 21:11 | Build | House |
| 21:15 | Build | House |
| 21:26 | Create | Knight |
| 21:26 | Create | Knight |
| 21:26 | Create | Knight |
| 21:32 | Create | Villager (Male) |
| 21:47 | Create | Knight |
| 21:47 | Create | Knight |
| 21:49 | Create | Villager (Male) |
| 21:49 | Create | Villager (Male) |
| 22:15 | Create | Villager (Male) |
| 22:15 | Create | Villager (Male) |
| 22:15 | Create | Villager (Male) |
| 22:21 | Build | Farm |
| 22:28 | Build | Farm |
| 22:29 | Build | Farm |
Build order — x
First 150 of 416 actions detected
| 0:01 | Create | Villager (Male) |
| 0:01 | Create | Villager (Male) |
| 0:03 | Build | House |
| 0:04 | Build | House |
| 0:22 | Create | Villager (Male) |
| 0:30 | Create | Villager (Male) |
| 0:30 | Create | Villager (Male) |
| 1:16 | Create | Villager (Male) |
| 1:17 | Create | Villager (Male) |
| 1:57 | Create | Villager (Male) |
| 1:57 | Create | Villager (Male) |
| 2:14 | Build | Lumber Camp |
| 2:28 | Create | Villager (Male) |
| 2:28 | Create | Villager (Male) |
| 2:45 | Create | Villager (Male) |
| 2:46 | Create | Villager (Male) |
| 2:46 | Create | Villager (Male) |
| 3:21 | Build | House |
| 3:23 | Build | House |
| 3:29 | Create | Villager (Male) |
| 3:29 | Create | Villager (Male) |
| 3:30 | Create | Villager (Male) |
| 4:03 | Build | Palisade Wall |
| 4:10 | Create | Villager (Male) |
| 4:11 | Create | Villager (Male) |
| 4:53 | Create | Villager (Male) |
| 4:53 | Create | Villager (Male) |
| 4:53 | Create | Villager (Male) |
| 4:54 | Create | Villager (Male) |
| 5:13 | Build | Mill |
| 6:14 | Create | Villager (Male) |
| 6:14 | Create | Villager (Male) |
| 6:15 | Create | Villager (Male) |
| 6:15 | Create | Villager (Male) |
| 6:15 | Create | Villager (Male) |
| 6:15 | Create | Villager (Male) |
| 6:28 | Build | Mining Camp |
| 6:32 | Create | Villager (Male) |
| 6:33 | Create | Villager (Male) |
| 8:48 | Research | Feudal Age |
| 9:52 | Build | House |
| 9:56 | Build | House |
| 9:58 | Build | Palisade Wall |
| 10:25 | Build | Farm |
| 10:25 | Build | Farm |
| 10:26 | Build | Farm |
| 10:26 | Build | Farm |
| 10:26 | Build | Farm |
| 10:58 | Age | Feudal Age |
| 11:00 | Build | Market |
| 11:04 | Build | Blacksmith |
| 11:05 | Create | Villager (Male) |
| 11:05 | Create | Villager (Male) |
| 11:05 | Create | Villager (Male) |
| 11:28 | Build | Farm |
| 11:33 | Build | Farm |
| 12:19 | Create | Villager (Male) |
| 12:24 | Build | Farm |
| 12:32 | Build | Farm |
| 12:39 | Create | Villager (Male) |
| 13:09 | Research | Castle Age |
| 13:10 | Research | Castle Age |
| 14:04 | Research | Wheelbarrow |
| 14:16 | Research | Double-Bit Axe |
| 14:16 | Research | Double-Bit Axe |
| 15:13 | Create | Villager (Male) |
| 15:13 | Create | Villager (Male) |
| 15:14 | Create | Villager (Male) |
| 15:14 | Create | Villager (Male) |
| 15:32 | Research | Horse Collar |
| 15:50 | Age | Castle Age |
| 15:54 | Build | Town Center |
| 15:58 | Build | Town Center |
| 16:32 | Build | House |
| 16:33 | Build | Palisade Wall |
| 16:38 | Build | Farm |
| 16:49 | Create | Villager (Male) |
| 16:50 | Create | Villager (Male) |
| 16:50 | Create | Villager (Male) |
| 16:50 | Create | Villager (Male) |
| 16:55 | Build | House |
| 16:56 | Build | House |
| 16:57 | Build | House |
| 16:58 | Build | House |
| 17:01 | Create | Villager (Male) |
| 17:02 | Create | Villager (Male) |
| 17:02 | Create | Villager (Male) |
| 17:24 | Research | Gold Mining |
| 17:24 | Research | Stone Mining |
| 17:25 | Research | Gold Mining |
| 17:31 | Research | Stone Mining |
| 17:31 | Research | Stone Mining |
| 17:57 | Research | Bow Saw |
| 17:57 | Research | Bow Saw |
| 18:05 | Create | Villager (Male) |
| 18:05 | Create | Villager (Male) |
| 18:23 | Build | Mill |
| 18:37 | Create | Villager (Male) |
| 18:37 | Create | Villager (Male) |
| 18:37 | Create | Villager (Male) |
| 18:38 | Create | Villager (Male) |
| 18:44 | Build | Farm |
| 18:57 | Build | Farm |
| 19:08 | Build | Monastery |
| 19:11 | Create | Villager (Male) |
| 19:11 | Create | Villager (Male) |
| 19:11 | Create | Villager (Male) |
| 19:14 | Build | House |
| 19:15 | Build | House |
| 19:38 | Create | Villager (Male) ×2 |
| 19:39 | Create | Villager (Male) ×2 |
| 19:44 | Create | Villager (Male) |
| 19:44 | Create | Villager (Male) |
| 19:46 | Create | Villager (Male) |
| 19:46 | Create | Villager (Male) |
| 19:51 | Create | Villager (Male) |
| 19:51 | Create | Villager (Male) |
| 20:05 | Build | Farm |
| 20:06 | Build | Farm |
| 20:06 | Build | Farm |
| 20:06 | Build | Farm |
| 20:10 | Create | Missionary |
| 20:10 | Create | Missionary |
| 20:16 | Create | Missionary ×3 |
| 20:17 | Create | Missionary ×3 |
| 20:19 | Create | Villager (Male) |
| 20:19 | Create | Villager (Male) |
| 20:25 | Build | Monastery |
| 20:28 | Create | Villager (Male) |
| 20:28 | Create | Villager (Male) |
| 20:50 | Create | Villager (Male) |
| 20:50 | Create | Villager (Male) |
| 20:51 | Create | Villager (Male) |
| 20:53 | Build | Farm |
| 20:53 | Build | Farm |
| 20:57 | Build | Farm |
| 20:59 | Build | Farm |
| 21:02 | Build | Farm |
| 21:03 | Create | Villager (Male) |
| 21:03 | Create | Villager (Male) |
| 21:09 | Create | Missionary ×2 |
| 21:09 | Create | Missionary ×2 |
| 21:34 | Build | Farm |
| 21:34 | Build | Farm |
| 21:34 | Build | Farm |
| 21:35 | Build | Farm |
| 21:36 | Create | Villager (Male) |
| 21:36 | Create | Villager (Male) |
| 21:37 | Create | Villager (Male) |
| 21:37 | Create | Villager (Male) |
Build order — Dragonite
First 150 of 510 actions detected
| 0:00 | Create | Villager (Male) |
| 0:00 | Create | Villager (Male) |
| 0:03 | Build | House |
| 0:04 | Build | House |
| 0:14 | Create | Villager (Male) |
| 0:14 | Create | Villager (Male) |
| 0:15 | Create | Villager (Male) |
| 1:20 | Create | Villager (Male) |
| 1:40 | Create | Villager (Male) |
| 1:50 | Build | Lumber Camp |
| 2:11 | Create | Villager (Male) |
| 2:11 | Create | Villager (Male) |
| 2:41 | Create | Villager (Male) |
| 3:12 | Create | Villager (Male) |
| 3:12 | Create | Villager (Male) |
| 3:24 | Build | House |
| 3:35 | Create | Villager (Male) |
| 3:35 | Create | Villager (Male) |
| 3:55 | Build | House |
| 3:58 | Create | Villager (Male) |
| 4:28 | Create | Villager (Male) |
| 4:28 | Create | Villager (Male) |
| 4:33 | Build | Mill |
| 4:49 | Create | Villager (Male) |
| 5:09 | Create | Villager (Male) |
| 5:21 | Create | Villager (Male) |
| 5:36 | Create | Villager (Male) |
| 5:50 | Create | Villager (Male) |
| 5:58 | Build | Mill |
| 6:10 | Create | Villager (Male) |
| 6:25 | Create | Villager (Male) |
| 6:42 | Create | Villager (Male) |
| 7:07 | Create | Villager (Male) |
| 7:22 | Create | Villager (Male) |
| 7:39 | Build | House |
| 7:41 | Build | House |
| 8:38 | Build | House |
| 8:52 | Build | Farm |
| 8:55 | Build | Mining Camp |
| 8:55 | Create | Villager (Male) |
| 9:15 | Build | Farm |
| 9:24 | Create | Villager (Male) |
| 9:34 | Build | Farm |
| 9:40 | Research | Feudal Age |
| 10:21 | Create | Villager (Male) |
| 10:28 | Build | Lumber Camp |
| 11:39 | Build | Farm |
| 11:47 | Build | Farm |
| 12:11 | Age | Feudal Age |
| 12:19 | Build | Market |
| 12:23 | Create | Villager (Male) |
| 12:30 | Build | Blacksmith |
| 12:54 | Build | Farm |
| 13:15 | Research | Castle Age |
| 13:15 | Research | Castle Age |
| 13:15 | Research | Castle Age |
| 13:27 | Build | Farm |
| 13:28 | Build | Farm |
| 13:28 | Build | Farm |
| 13:28 | Build | Farm |
| 13:28 | Build | Farm |
| 13:32 | Research | Double-Bit Axe |
| 13:33 | Research | Horse Collar |
| 14:26 | Build | Farm |
| 14:38 | Build | Farm |
| 14:45 | Research | Wheelbarrow |
| 15:55 | Age | Castle Age |
| 15:57 | Build | Town Center |
| 15:58 | Create | Villager (Male) |
| 16:04 | Research | Bow Saw |
| 16:16 | Build | Town Center |
| 16:17 | Create | Villager (Male) |
| 16:20 | Create | Villager (Male) |
| 16:32 | Create | Villager (Male) |
| 16:47 | Build | Barracks |
| 17:17 | Create | Villager (Male) |
| 17:18 | Create | Villager (Male) |
| 17:18 | Create | Villager (Male) |
| 17:26 | Build | Farm |
| 17:32 | Build | Farm |
| 17:36 | Build | Farm |
| 17:37 | Create | Villager (Male) |
| 17:52 | Create | Villager (Male) |
| 17:59 | Create | Villager (Male) |
| 18:05 | Build | Farm |
| 18:12 | Build | House |
| 18:13 | Build | House |
| 18:15 | Build | House |
| 18:16 | Build | House |
| 18:17 | Build | House |
| 18:19 | Build | House |
| 18:20 | Build | House |
| 18:21 | Build | House |
| 18:22 | Create | Villager (Male) |
| 18:22 | Create | Villager (Male) |
| 18:35 | Build | Farm |
| 18:43 | Create | Villager (Male) |
| 18:43 | Create | Villager (Male) |
| 18:46 | Create | Villager (Male) |
| 18:56 | Create | Villager (Male) |
| 18:56 | Create | Villager (Male) |
| 18:58 | Build | Farm |
| 19:01 | Research | Heavy Plow |
| 19:07 | Create | Villager (Male) |
| 19:10 | Build | Farm |
| 19:15 | Create | Villager (Male) |
| 19:25 | Build | Farm |
| 19:26 | Create | Villager (Male) |
| 19:31 | Create | Villager (Male) |
| 19:38 | Create | Villager (Male) |
| 19:52 | Create | Villager (Male) |
| 19:59 | Build | House |
| 20:01 | Build | House |
| 20:02 | Build | House |
| 20:03 | Build | House |
| 20:04 | Build | House |
| 20:05 | Create | Villager (Male) |
| 20:22 | Build | Town Center |
| 20:22 | Create | Villager (Male) |
| 20:27 | Create | Villager (Male) |
| 20:29 | Create | Villager (Male) |
| 20:29 | Create | Villager (Male) |
| 20:30 | Create | Villager (Male) |
| 20:37 | Build | Farm |
| 20:43 | Build | Farm |
| 20:44 | Build | Farm |
| 20:45 | Create | Villager (Male) |
| 20:49 | Create | Villager (Male) |
| 20:57 | Create | Villager (Male) |
| 21:08 | Build | Archery Range |
| 21:11 | Build | Archery Range |
| 21:13 | Create | Villager (Male) |
| 21:15 | Build | Farm |
| 21:16 | Create | Villager (Male) |
| 21:27 | Create | Villager (Male) |
| 21:30 | Build | University |
| 21:34 | Build | Farm |
| 21:37 | Build | Farm |
| 21:38 | Create | Villager (Male) |
| 21:38 | Create | Villager (Male) |
| 21:39 | Create | Villager (Male) |
| 21:46 | Build | Farm |
| 21:58 | Build | Farm |
| 21:59 | Create | Villager (Male) |
| 22:02 | Build | Monastery |
| 22:10 | Create | Villager (Male) |
| 22:15 | Research | Hand Cart |
| 22:24 | Create | Villager (Male) |
| 22:28 | Build | House |
| 22:37 | Create | Villager (Male) |
Build order — emrek03
First 150 of 360 actions detected
| 0:02 | Create | Villager (Male) |
| 0:02 | Create | Villager (Male) |
| 0:02 | Create | Villager (Male) |
| 0:04 | Build | House |
| 0:05 | Build | House |
| 0:39 | Create | Villager (Male) |
| 0:40 | Create | Villager (Male) |
| 1:39 | Create | Villager (Male) |
| 1:39 | Create | Villager (Male) |
| 1:51 | Build | Lumber Camp |
| 1:53 | Create | Villager (Male) |
| 1:53 | Create | Villager (Male) |
| 2:34 | Create | Villager (Male) |
| 2:34 | Create | Villager (Male) |
| 2:57 | Build | House |
| 2:58 | Build | House |
| 2:59 | Create | Villager (Male) |
| 3:14 | Create | Villager (Male) |
| 3:15 | Create | Villager (Male) |
| 4:05 | Create | Villager (Male) |
| 4:05 | Create | Villager (Male) |
| 4:06 | Create | Villager (Male) |
| 4:37 | Build | Mill |
| 4:55 | Create | Villager (Male) |
| 4:55 | Create | Villager (Male) |
| 4:58 | Create | Villager (Male) |
| 4:58 | Create | Villager (Male) |
| 5:25 | Create | Villager (Male) |
| 5:25 | Create | Villager (Male) |
| 5:52 | Build | Mill |
| 6:25 | Create | Villager (Male) |
| 6:52 | Create | Villager (Male) |
| 6:52 | Create | Villager (Male) |
| 7:05 | Build | Mining Camp |
| 7:07 | Create | Villager (Male) |
| 7:33 | Create | Villager (Male) |
| 7:33 | Create | Villager (Male) |
| 7:52 | Build | House |
| 7:55 | Build | House |
| 7:58 | Create | Villager (Male) |
| 8:13 | Research | Feudal Age |
| 9:26 | Create | Villager (Male) |
| 10:25 | Age | Feudal Age |
| 10:28 | Create | Villager (Male) |
| 10:28 | Create | Villager (Male) |
| 10:50 | Build | Market |
| 10:55 | Build | Blacksmith |
| 11:12 | Build | Farm |
| 11:42 | Build | Mining Camp |
| 11:44 | Create | Villager (Male) |
| 12:22 | Research | Castle Age |
| 12:22 | Research | Castle Age |
| 12:25 | Research | Loom |
| 12:53 | Create | Villager (Male) |
| 12:59 | Build | Mining Camp |
| 13:36 | Research | Double-Bit Axe |
| 15:02 | Age | Castle Age |
| 15:08 | Create | Villager (Male) |
| 15:08 | Create | Villager (Male) |
| 15:35 | Build | Castle |
| 15:52 | Create | Villager (Male) |
| 16:00 | Build | Farm |
| 16:01 | Build | Farm |
| 16:01 | Build | Farm |
| 16:07 | Create | Villager (Male) |
| 16:12 | Build | Farm |
| 16:48 | Create | Gbeto |
| 16:49 | Create | Gbeto |
| 16:49 | Create | Gbeto |
| 17:06 | Build | Mining Camp |
| 17:11 | Build | Farm |
| 17:11 | Build | Farm |
| 17:13 | Build | Farm |
| 17:13 | Build | Farm |
| 17:14 | Build | Farm |
| 17:15 | Build | Farm |
| 17:15 | Build | Farm |
| 17:15 | Build | Farm |
| 17:20 | Create | Villager (Male) |
| 17:20 | Create | Villager (Male) |
| 17:45 | Create | Gbeto |
| 17:45 | Create | Gbeto |
| 17:49 | Build | Farm |
| 17:55 | Build | Farm |
| 17:58 | Build | Farm |
| 18:19 | Build | Farm |
| 18:42 | Create | Petard |
| 18:42 | Create | Petard |
| 18:59 | Create | Villager (Male) |
| 19:00 | Create | Villager (Male) |
| 19:00 | Create | Villager (Male) |
| 19:20 | Create | Gbeto |
| 19:20 | Create | Gbeto |
| 19:33 | Create | Petard |
| 19:40 | Create | Gbeto |
| 19:40 | Create | Gbeto |
| 19:50 | Create | Gbeto |
| 19:50 | Create | Gbeto |
| 19:58 | Build | Farm |
| 19:58 | Build | Farm |
| 20:02 | Build | Farm |
| 20:02 | Build | Farm |
| 20:02 | Build | Farm |
| 20:03 | Build | Farm |
| 20:49 | Create | Gbeto |
| 20:49 | Create | Gbeto |
| 20:49 | Create | Gbeto |
| 21:10 | Create | Gbeto |
| 21:10 | Create | Gbeto |
| 21:21 | Build | Farm |
| 21:22 | Research | Horse Collar |
| 21:24 | Create | Villager (Male) |
| 21:24 | Create | Villager (Male) |
| 22:14 | Create | Gbeto |
| 22:15 | Create | Gbeto |
| 22:34 | Create | Villager (Male) |
| 22:39 | Create | Gbeto |
| 22:39 | Create | Gbeto |
| 22:41 | Create | Villager (Male) |
| 23:45 | Create | Villager (Male) |
| 23:45 | Create | Villager (Male) |
| 23:46 | Create | Villager (Male) |
| 24:06 | Build | Town Center |
| 24:30 | Create | Gbeto |
| 24:30 | Create | Gbeto |
| 24:31 | Create | Gbeto |
| 24:55 | Create | Gbeto |
| 24:55 | Create | Gbeto |
| 24:59 | Build | House |
| 25:00 | Build | House |
| 25:00 | Build | House |
| 25:01 | Build | House |
| 25:03 | Build | House |
| 25:40 | Create | Gbeto |
| 25:40 | Create | Gbeto |
| 25:45 | Research | Forging |
| 25:46 | Research | Scale Mail Armor |
| 26:26 | Create | Gbeto |
| 26:26 | Create | Gbeto |
| 26:30 | Create | Villager (Male) |
| 26:30 | Create | Villager (Male) |
| 27:15 | Create | Villager (Male) |
| 27:16 | Create | Villager (Male) |
| 27:23 | Create | Villager (Male) |
| 27:23 | Create | Villager (Male) |
| 27:30 | Build | Farm |
| 27:32 | Build | Farm |
| 27:33 | Build | Farm |
| 27:36 | Build | Farm |
| 27:36 | Build | Farm |
Build order — VanorkQC2
First 150 of 472 actions detected
| 0:00 | Create | Villager (Male) |
| 0:03 | Build | House |
| 0:05 | Build | House |
| 0:20 | Create | Villager (Male) |
| 0:48 | Create | Villager (Male) |
| 1:02 | Create | Villager (Male) |
| 1:34 | Create | Villager (Male) |
| 1:46 | Build | Lumber Camp |
| 2:03 | Create | Villager (Male) |
| 2:29 | Create | Villager (Male) |
| 2:54 | Create | Villager (Male) |
| 3:06 | Create | Villager (Male) |
| 3:40 | Create | Villager (Male) |
| 4:03 | Create | Villager (Male) |
| 4:31 | Create | Villager (Male) |
| 4:37 | Build | House |
| 5:09 | Create | Villager (Male) |
| 5:32 | Create | Villager (Male) |
| 5:52 | Create | Villager (Male) |
| 6:03 | Build | Mill |
| 6:39 | Build | House |
| 6:58 | Build | House |
| 7:02 | Create | Villager (Male) |
| 7:20 | Build | House |
| 7:31 | Create | Villager (Male) |
| 7:32 | Create | Villager (Male) |
| 7:45 | Create | Villager (Male) |
| 7:45 | Create | Villager (Male) |
| 8:01 | Build | Mining Camp |
| 9:03 | Create | Villager (Male) |
| 9:11 | Research | Feudal Age |
| 10:54 | Age | Feudal Age |
| 11:02 | Build | Market |
| 11:05 | Build | Blacksmith |
| 11:11 | Create | Villager (Male) |
| 11:19 | Create | Villager (Male) |
| 11:40 | Build | Farm |
| 12:03 | Create | Villager (Male) |
| 12:06 | Build | Farm |
| 12:08 | Build | Farm |
| 12:11 | Build | Farm |
| 12:14 | Build | Farm |
| 12:21 | Create | Villager (Male) |
| 12:26 | Build | House |
| 12:49 | Build | Stone Wall |
| 12:51 | Build | Gate |
| 13:19 | Research | Castle Age |
| 13:24 | Build | Farm |
| 14:05 | Research | Double-Bit Axe |
| 14:40 | Research | Horse Collar |
| 14:55 | Age | Castle Age |
| 14:58 | Build | Town Center |
| 15:11 | Create | Villager (Male) |
| 15:37 | Build | Stone Wall |
| 15:45 | Build | Farm |
| 15:45 | Build | Farm |
| 15:52 | Create | Villager (Male) |
| 15:53 | Create | Villager (Male) |
| 15:55 | Build | Farm |
| 16:00 | Build | Farm |
| 16:00 | Build | Farm |
| 16:24 | Build | Stone Wall |
| 16:28 | Create | Villager (Male) |
| 16:28 | Create | Villager (Male) |
| 16:31 | Build | Farm |
| 16:41 | Create | Villager (Male) |
| 16:41 | Create | Villager (Male) |
| 16:41 | Research | Loom |
| 16:57 | Create | Villager (Male) |
| 17:10 | Build | Town Center |
| 17:18 | Create | Villager (Male) |
| 17:28 | Create | Villager (Male) |
| 17:36 | Build | Farm |
| 17:37 | Build | Farm |
| 17:37 | Build | Farm |
| 17:39 | Create | Villager (Male) |
| 17:48 | Create | Villager (Male) |
| 18:02 | Build | Farm |
| 18:06 | Build | Farm |
| 18:09 | Create | Villager (Male) |
| 18:14 | Build | House |
| 18:17 | Build | House |
| 18:19 | Build | House |
| 18:21 | Create | Villager (Male) |
| 18:24 | Build | House |
| 18:34 | Build | Gate |
| 18:38 | Create | Villager (Male) |
| 18:39 | Create | Villager (Male) |
| 18:39 | Create | Villager (Male) |
| 18:43 | Build | House |
| 18:53 | Create | Villager (Male) |
| 18:57 | Build | Farm |
| 18:57 | Build | Farm |
| 19:05 | Create | Villager (Male) |
| 19:10 | Create | Villager (Male) |
| 19:10 | Create | Villager (Male) |
| 19:12 | Build | Farm |
| 19:21 | Create | Villager (Male) |
| 19:25 | Build | Farm |
| 19:30 | Build | Farm |
| 19:43 | Build | Farm |
| 19:45 | Create | Villager (Male) |
| 19:45 | Create | Villager (Male) |
| 19:45 | Create | Villager (Male) |
| 20:04 | Create | Villager (Male) |
| 20:05 | Create | Villager (Male) |
| 20:15 | Build | Monastery |
| 20:18 | Build | Farm |
| 20:19 | Create | Villager (Male) |
| 20:19 | Create | Villager (Male) |
| 20:23 | Create | Villager (Male) |
| 20:28 | Build | Farm |
| 20:42 | Create | Villager (Male) |
| 20:42 | Create | Villager (Male) |
| 20:43 | Create | Villager (Male) |
| 20:45 | Build | Farm |
| 20:45 | Build | Farm |
| 20:52 | Create | Monk |
| 20:56 | Build | Farm |
| 20:57 | Create | Villager (Male) |
| 20:57 | Create | Villager (Male) |
| 21:07 | Create | Villager (Male) |
| 21:11 | Create | Villager (Male) |
| 21:15 | Build | Farm |
| 21:19 | Build | Farm |
| 21:22 | Build | Farm |
| 21:22 | Create | Villager (Male) |
| 21:23 | Create | Villager (Male) |
| 21:23 | Create | Villager (Male) |
| 21:34 | Create | Villager (Male) |
| 21:46 | Create | Villager (Male) |
| 21:56 | Create | Monk |
| 21:57 | Create | Villager (Male) |
| 21:58 | Create | Villager (Male) |
| 22:00 | Create | Villager (Male) |
| 22:12 | Build | House |
| 22:13 | Build | House |
| 22:17 | Build | House |
| 22:18 | Build | House |
| 22:21 | Create | Villager (Male) |
| 22:21 | Create | Villager (Male) |
| 22:26 | Research | Bow Saw |
| 22:29 | Research | Heavy Plow |
| 22:36 | Research | Wheelbarrow |
| 22:38 | Research | Town Watch |
| 23:01 | Create | Villager (Male) |
| 23:01 | Create | Villager (Male) |
| 23:04 | Create | Villager (Male) |
| 23:13 | Create | Villager (Male) |
| 23:13 | Create | Villager (Male) |
Build order — 黑米饭
First 150 of 709 actions detected
| 0:01 | Create | Villager (Male) |
| 0:01 | Create | Villager (Male) |
| 0:01 | Create | Villager (Male) |
| 0:02 | Create | Villager (Male) |
| 0:03 | Build | House |
| 0:04 | Build | House |
| 1:26 | Create | Villager (Male) |
| 1:26 | Create | Villager (Male) |
| 1:45 | Build | Lumber Camp |
| 1:57 | Create | Villager (Male) |
| 1:57 | Create | Villager (Male) |
| 2:22 | Create | Villager (Male) |
| 2:58 | Create | Villager (Male) |
| 2:59 | Create | Villager (Male) |
| 2:59 | Create | Villager (Male) |
| 3:27 | Build | House |
| 3:29 | Build | House |
| 3:33 | Create | Villager (Male) |
| 4:13 | Create | Villager (Male) |
| 4:13 | Create | Villager (Male) |
| 4:21 | Build | Mill |
| 4:28 | Create | Villager (Male) |
| 4:29 | Create | Villager (Male) |
| 4:49 | Create | Villager (Male) |
| 4:49 | Create | Villager (Male) |
| 4:50 | Create | Villager (Male) |
| 5:08 | Create | Villager (Male) |
| 5:30 | Create | Villager (Male) |
| 5:31 | Create | Villager (Male) |
| 5:31 | Create | Villager (Male) |
| 6:29 | Create | Villager (Male) |
| 7:38 | Build | Mining Camp |
| 7:41 | Research | Feudal Age |
| 8:05 | Create | Villager (Male) |
| 8:05 | Create | Villager (Male) |
| 10:08 | Age | Feudal Age |
| 10:25 | Build | Market |
| 10:27 | Build | Blacksmith |
| 10:56 | Research | Double-Bit Axe |
| 10:57 | Research | Horse Collar |
| 11:04 | Build | House |
| 11:12 | Research | Castle Age |
| 11:12 | Research | Castle Age |
| 11:54 | Create | Villager (Male) |
| 11:55 | Create | Villager (Male) |
| 12:02 | Build | Farm |
| 12:04 | Build | Farm |
| 12:05 | Build | Farm |
| 12:42 | Build | Farm |
| 12:45 | Build | Farm |
| 13:39 | Build | House |
| 13:52 | Age | Castle Age |
| 13:54 | Build | Town Center |
| 13:59 | Build | Monastery |
| 14:07 | Create | Villager (Male) |
| 14:20 | Build | Town Center |
| 14:21 | Create | Villager (Male) |
| 14:21 | Create | Villager (Male) |
| 14:31 | Build | House |
| 14:37 | Create | Monk |
| 14:37 | Create | Monk |
| 14:39 | Create | Villager (Male) |
| 14:47 | Build | Farm |
| 14:53 | Create | Villager (Male) |
| 14:58 | Build | House |
| 15:14 | Create | Villager (Male) |
| 15:15 | Build | Farm |
| 15:26 | Build | Farm |
| 15:27 | Build | Farm |
| 15:29 | Build | Farm |
| 15:30 | Build | Farm |
| 15:30 | Build | Farm |
| 15:31 | Build | Farm |
| 15:31 | Build | Farm |
| 15:32 | Build | Farm |
| 15:32 | Build | Farm |
| 15:32 | Build | Farm |
| 15:33 | Build | Farm |
| 15:36 | Create | Villager (Male) |
| 15:37 | Create | Villager (Male) |
| 15:39 | Create | Monk |
| 15:44 | Create | Villager (Male) |
| 15:55 | Build | Farm |
| 15:58 | Create | Villager (Male) |
| 16:06 | Create | Villager (Male) |
| 16:07 | Create | Villager (Male) |
| 16:07 | Create | Villager (Male) |
| 16:09 | Build | Farm |
| 16:21 | Create | Villager (Male) |
| 16:24 | Build | Farm |
| 16:52 | Create | Villager (Male) |
| 16:53 | Create | Villager (Male) |
| 16:57 | Build | Farm |
| 16:59 | Create | Villager (Male) |
| 17:07 | Build | Farm |
| 17:07 | Build | Farm |
| 17:10 | Build | Farm |
| 17:14 | Create | Villager (Male) |
| 17:19 | Create | Villager (Male) |
| 17:20 | Create | Villager (Male) |
| 17:21 | Build | Farm |
| 17:30 | Build | Farm |
| 17:38 | Build | Farm |
| 17:39 | Create | Villager (Male) |
| 17:41 | Create | Villager (Male) |
| 17:42 | Create | Villager (Male) |
| 17:46 | Create | Villager (Male) |
| 17:46 | Create | Villager (Male) |
| 17:56 | Build | Farm |
| 17:58 | Create | Villager (Male) |
| 18:06 | Build | House |
| 18:06 | Build | House |
| 18:07 | Build | House |
| 18:08 | Build | House |
| 18:10 | Create | Villager (Male) |
| 18:16 | Build | Farm |
| 18:22 | Create | Villager (Male) |
| 18:23 | Create | Villager (Male) |
| 18:25 | Build | Farm |
| 18:35 | Research | Wheelbarrow |
| 18:36 | Research | Wheelbarrow |
| 18:42 | Build | Farm |
| 18:47 | Create | Villager (Male) |
| 18:47 | Create | Villager (Male) |
| 18:51 | Create | Monk |
| 18:55 | Create | Villager (Male) |
| 18:58 | Build | Farm |
| 18:59 | Build | Farm |
| 19:06 | Create | Villager (Male) |
| 19:18 | Build | Farm |
| 19:19 | Build | Farm |
| 19:19 | Create | Villager (Male) |
| 19:20 | Create | Villager (Male) |
| 19:26 | Build | Farm |
| 19:27 | Create | Villager (Male) |
| 19:27 | Create | Villager (Male) |
| 19:34 | Create | Villager (Male) |
| 19:35 | Create | Villager (Male) |
| 19:37 | Create | Villager (Male) |
| 19:47 | Create | Villager (Male) |
| 19:57 | Create | Villager (Male) |
| 19:58 | Create | Villager (Male) |
| 20:06 | Build | Mining Camp |
| 20:12 | Build | Lumber Camp |
| 20:13 | Create | Villager (Male) |
| 20:13 | Create | Villager (Male) |
| 20:21 | Create | Villager (Male) |
| 20:22 | Create | Villager (Male) |
| 20:22 | Create | Villager (Male) |
| 20:27 | Build | House |
Match timeline
| 4:03 | x · wall_segment Palisade Wall x1 |
| 9:58 | x · wall_segment Palisade Wall x1 |
| 10:06 | proxxi · age_up feudal |
| 10:08 | 黑米饭 · age_up feudal |
| 10:25 | emrek03 · age_up feudal |
| 10:54 | VanorkQC2 · age_up feudal |
| 10:58 | x · age_up feudal |
| 11:06 | VARooster · age_up feudal |
| 11:36 | CaptainCoke · age_up feudal |
| 11:49 | x · first_market_buy 100 food |
| 12:11 | Dragonite · age_up feudal |
| 12:38 | proxxi · first_building Barracks |
| 12:49 | VanorkQC2 · wall_segment Stone Wall x16 |
| 13:38 | proxxi · age_up castle |
| 13:52 | 黑米饭 · age_up castle |
| 13:59 | 黑米饭 · first_building Monastery |
| 14:01 | proxxi · first_building Stable |
| 14:22 | proxxi · first_market_sell 100 stone |
| 14:43 | VARooster · age_up castle |
| 14:55 | VanorkQC2 · age_up castle |
| 15:02 | emrek03 · age_up castle |
| 15:11 | CaptainCoke · age_up castle |
| 15:35 | emrek03 · first_building Castle |
| 15:37 | VanorkQC2 · wall_segment Stone Wall x16 |
| 15:50 | x · age_up castle |
| 15:55 | Dragonite · age_up castle |
| 16:18 | VARooster · wall_segment Palisade Wall x1 |
| 16:20 | VARooster · wall_segment Palisade Wall x21 |
| 16:24 | VanorkQC2 · wall_segment Stone Wall x16 |
| 16:27 | VARooster · first_market_buy 100 wood |
| 16:31 | VARooster · first_building Siege Workshop |
| 16:33 | x · wall_segment Palisade Wall x1 |
| 16:40 | VARooster · wall_segment Stone Wall x18 |
| 16:47 | Dragonite · first_building Barracks |
| 17:03 | VanorkQC2 · first_market_buy 100 stone |
| 18:29 | emrek03 · first_market_buy 100 food |
| 19:08 | x · first_building Monastery |
| 19:38 | VARooster · first_building Monastery |
| 20:10 | Dragonite · first_market_buy 100 stone |
| 20:15 | VanorkQC2 · first_building Monastery |
| 20:51 | CaptainCoke · first_market_buy 100 stone |
| 20:51 | VanorkQC2 · first_market_sell 100 stone |
| 21:00 | VARooster · first_market_sell 100 food |
| 21:08 | Dragonite · first_building Archery Range |
| 21:29 | VARooster · wall_segment Stone Wall x1 |
| 22:02 | Dragonite · first_building Monastery |
| 22:12 | 黑米饭 · first_market_buy 100 wood |
| 23:19 | Dragonite · first_market_sell 100 wood |
| 23:29 | x · first_building Barracks |
| 24:42 | CaptainCoke · first_building Monastery |
| 25:08 | VanorkQC2 · tribute_sent a jugador 1 |
| 25:08 | VanorkQC2 · tribute_sent a jugador 2 |
| 25:08 | VanorkQC2 · tribute_sent a jugador 3 |
| 25:08 | VanorkQC2 · tribute_sent a jugador 4 |
| 25:08 | VanorkQC2 · tribute_sent a jugador 5 |
| 25:08 | VanorkQC2 · tribute_sent a jugador 6 |
| 25:08 | VanorkQC2 · tribute_sent a jugador 8 |
| 25:17 | CaptainCoke · first_building Barracks |
| 26:03 | x · first_building Castle |
| 26:19 | CaptainCoke · first_building Archery Range |
| 26:20 | proxxi · first_building Siege Workshop |
| 27:01 | x · first_market_sell 500 food |
| 27:17 | 黑米饭 · first_building Castle |
| 27:22 | VanorkQC2 · first_building Barracks |
| 27:28 | Dragonite · first_building Castle |
| 27:34 | 黑米饭 · wall_segment Stone Wall x4 |
| 27:53 | x · first_building Stable |
| 28:01 | CaptainCoke · first_building Castle |
| 28:18 | proxxi · first_building Monastery |
| 28:32 | Dragonite · wall_segment Stone Wall x1 |
| 28:36 | Dragonite · wall_segment Stone Wall x1 |
| 28:37 | Dragonite · wall_segment Stone Wall x1 |
| 28:52 | 黑米饭 · first_building Barracks |
| 29:05 | VanorkQC2 · first_building Stable |
| 29:14 | 黑米饭 · first_building Stable |
| 29:17 | 黑米饭 · first_building Archery Range |
| 29:18 | CaptainCoke · age_up imperial |
| 29:58 | 黑米饭 · age_up imperial |
| 30:22 | x · age_up imperial |
| 30:26 | VARooster · first_building Barracks |
| 30:29 | proxxi · first_market_buy 100 wood |
| 30:35 | proxxi · first_building Castle |
| 30:55 | CaptainCoke · first_building Stable |
| 31:52 | VanorkQC2 · age_up imperial |
| 32:00 | Dragonite · first_building Siege Workshop |
| 33:32 | emrek03 · first_building Barracks |
| 34:20 | Dragonite · age_up imperial |
| 36:25 | emrek03 · first_building Archery Range |
| 37:17 | proxxi · age_up imperial |
| 37:20 | Dragonite · tribute_sent a jugador 1 |
| 37:20 | Dragonite · tribute_sent a jugador 2 |
| 37:20 | Dragonite · tribute_sent a jugador 3 |
| 37:20 | Dragonite · tribute_sent a jugador 4 |
| 37:20 | Dragonite · tribute_sent a jugador 6 |
| 37:20 | Dragonite · tribute_sent a jugador 7 |
| 37:20 | Dragonite · tribute_sent a jugador 8 |
| 37:41 | VARooster · first_building Archery Range |
| 38:09 | VanorkQC2 · first_building Castle |
| 38:53 | emrek03 · first_market_sell 100 food |
| 39:46 | emrek03 · age_up imperial |
| 40:17 | Dragonite · tribute_sent a jugador 1 |
| 40:17 | Dragonite · tribute_sent a jugador 2 |
| 40:17 | Dragonite · tribute_sent a jugador 3 |
| 40:17 | Dragonite · tribute_sent a jugador 4 |
| 40:17 | Dragonite · tribute_sent a jugador 6 |
| 40:17 | Dragonite · tribute_sent a jugador 7 |
| 40:17 | Dragonite · tribute_sent a jugador 8 |
| 41:54 | CaptainCoke · tribute_sent a jugador 1 |
| 41:54 | CaptainCoke · tribute_sent a jugador 2 |
| 41:54 | CaptainCoke · tribute_sent a jugador 4 |
| 41:54 | CaptainCoke · tribute_sent a jugador 5 |
| 41:54 | CaptainCoke · tribute_sent a jugador 6 |
| 41:54 | CaptainCoke · tribute_sent a jugador 7 |
| 41:54 | CaptainCoke · tribute_sent a jugador 8 |
| 42:00 | emrek03 · first_building Siege Workshop |
| 42:55 | VanorkQC2 · first_building Archery Range |
| 45:40 | 黑米饭 · first_building Siege Workshop |
| 46:10 | Dragonite · resign |
[ AI ANALYSIS · 1 CREDIT ]
What really happened in this match?
Wolo.gg analyzes every decision: build order, eco, micro, common mistakes by bracket. Personalized analysis on WhatsApp or Discord in 30 seconds.
Civ guide
Tatars
Perfil
CaptainCoke